 Dungeon Crawl Stone Soup version 0.31-a0-532-g28f74ba3e5 (webtiles) character file.

Game seed: 11670100954872588298

1267 Shayle the Ogre Mage (level 8, 0/70 HPs)
             Began as an Ogre Shapeshifter on Aug 13, 2023.
             Slain by a gnoll sergeant
             ... wielding a +0 spear
              (10 damage)
             ... on level 6 of the Dungeon.
             The game lasted 00:11:18 (6500 turns).

Shayle the Ogre Mage (Ogre Shapeshifter)            Turns: 6500, Time: 00:11:19

Health: 0/70       AC:  3    Str: 20    XL:     8   Next: 52%
Magic:  17/17      EV:  9    Int: 11    God:
Gold:   281        SH:  5    Dex:  9    Spells: 19/19 levels left

rFire   . . .        w - +2 spear (vamp)
rCold   . . .        (no shield)
rNeg    . . .        a - +0 animal skin
rPois   .            (helmet currently unavailable)
rElec   .            (cloak currently unavailable)
rCorr   .            (gloves unavailable)
SInv    +            (boots unavailable)
Will    .....        g - amulet of reflection
Stlth   +            i - ring of see invisible
HPRegen 0.31/turn    (no ring)
MPRegen 0.15/turn

%: reflection
@: beast-form
A: beast (slay +2), large, unfitting armour, tough skin 1
a: Begin Untransformation


You were on level 6 of the Dungeon.
You were a hulking beast.
You visited 1 branch of the dungeon, and saw 6 of its levels.

You collected 359 gold pieces.
You spent 78 gold pieces at shops.

Inventory:

Hand Weapons
 w - a +2 vampiric spear (weapon)
 y - a +0 heavy flail
Armour
 a - a +0 animal skin (worn)
Jewellery
 g - an amulet of reflection (around neck)
 i - a ring of see invisible (left hand)
 k - an amulet of magic regeneration
 l - a +4 ring of protection
 m - an amulet of faith
Talismans
 c - a beast talisman (active)
 d - a flux talisman
Wands
 q - a wand of flame (3)
 s - a wand of polymorph (9)
Scrolls
 b - a scroll of blinking {unknown}
 e - a scroll of fear {unknown}
 f - a scroll of amnesia {unknown}
 n - a scroll of enchant weapon {unknown}
 o - 2 scrolls of poison {unknown}
 p - 2 scrolls of teleportation
 u - a scroll of vulnerability {unknown}
 v - a scroll of enchant armour {unknown}
 x - a scroll of identify
Potions
 h - a potion of attraction
 r - 2 potions of haste
 t - a potion of mutation {unknown}
 z - 2 potions of berserk rage {unknown}
 A - a potion of might
 B - a potion of brilliance {unknown}


   Skills:
 - Level 1.3 Fighting
 - Level 1.7 Dodging
 + Level 6.1 Unarmed Combat
 + Level 6.4 Spellcasting
 * Level 4.7 Translocations
 - Level 3.0 Shapeshifting


You had 19 spell levels left.
You didn't know any spells.
Your spell library contained the following spells:

 Spells                   Type           Power      Damage    Failure   Level
 Blink                    Tloc           26%        N/A       4%          2
 Magic Dart               Conj           12%        1d3       19%         1
 Manifold Assault         Tloc           13%        N/A       26%         4
 Searing Ray              Conj           6%         2d4       28%         2
 Sublimation of Blood     Necr           3%         N/A       28%         2
 Fulminant Prism          Conj/Hex       1%         3d5       88%         4
 Petrify                  Tmut/Erth      3%         N/A       88%         4
 Irradiate                Conj/Tmut      1%         3d12      99%         5


Dungeon Overview and Level Annotations

Branches:
Dungeon (6/15)
 Temple: D:4-7

Altars:

Shops:
D:2 ?

Annotations:
D:4 3 runed translucent doors, arthad's ghost, novice VSBe


Innate Abilities, Weirdness & Mutations

You are a hulking beast.
Your limbs bulge with bestial killing power. (Slay +2)
You are too large for most types of armour.
You have tough skin. (AC +1)


Message History

You hit the gnoll sergeant but do no damage.
The gnoll sergeant is heavily wounded.
The gnoll sergeant hits you with a +0 spear.
* * * LOW HITPOINT WARNING * * *
You barely miss the gnoll sergeant. You punch the gnoll sergeant!
The gnoll sergeant is severely wounded.
The gnoll sergeant barely misses you.
You hit the gnoll sergeant.
You feel better.
The gnoll sergeant is almost dead.
The gnoll sergeant closely misses you.
The gnoll sergeant hits you with a +0 spear!
* * * LOW HITPOINT WARNING * * *
You hit the gnoll sergeant but do no damage.
The gnoll sergeant is almost dead.
You block the gnoll sergeant's attack.
You hit the gnoll sergeant but do no damage.
You punch the gnoll sergeant.
The gnoll sergeant is almost dead.
The gnoll sergeant barely misses you.
Unknown command.
You feel better.
The gnoll sergeant hits you with a +0 spear!
* * * LOW HITPOINT WARNING * * *
Aiming: Throw Flame
Press: ? - help, Shift-Dir - straight line, f/p - gnoll sergeant
Aim: a gnoll sergeant, wielding a +0 spear and wearing a +0 scale mail (almost dead, 77% to hit)
The puff of flame misses the gnoll sergeant.
The gnoll sergeant hits you with a +0 spear.
* * * LOW HITPOINT WARNING * * *
You feel better. The gnoll sergeant barely misses you.
Aiming: Throw Flame
Press: ? - help, Shift-Dir - straight line, f/p - gnoll sergeant
Aim: a gnoll sergeant, wielding a +0 spear and wearing a +0 scale mail (almost dead, 77% to hit)
The puff of flame hits the gnoll sergeant.
The gnoll sergeant is almost dead.
The gnoll sergeant hits you with a +0 spear!
* * * LOW HITPOINT WARNING * * *
You feel better.
The gnoll sergeant hits you with a +0 spear!
You die...

#### # #.. ..# # #.# #.#
##################.######.#
................hg.........
##################.######.#
....##############'######.#
....#.......#....≈.≈...##.####
....#.......#....≈.≈)..'.....#
....#.......#....≈.≈...#.###.###.
...##.......#....≈≈≈.............
....+..................#<###.....
##.##.......#..........##### ##.


You could see a gnoll sergeant.

Vanquished Creatures
  Sigmund (D:2)
  2 black bears
  An ogre (D:5)
  A kobold brigand (D:5)
  4 scorpions
  A jelly (D:5)
  An orc priest (D:3)
  2 hounds
  2 sleepcaps
  3 iguanas
  Terence (D:2)
  An orc wizard (D:3)
  Robin (D:5)
  4 gnolls (D:4)
  3 adders
  2 shadow imps (D:5)
  An ufetubus (D:5)
  2 worms
  4 dart slugs
  9 orcs (D:3)
  8 endoplasms
  A giant cockroach (D:4)
  23 goblins
  14 hobgoblins
  7 jackals
  3 quokkas
  7 ball pythons
  10 bats
  3 frilled lizards
  8 kobolds
  7 rats
137 creatures vanquished.

Notes
Turn   | Place    | Note
-------+----------+-------------------------------------------
     0 | D:1      | Shayle the Ogre Shapeshifter began the quest for the Orb.
     0 | D:1      | Reached XP level 1. HP: 19/19 MP: 1/1
   128 | D:1      | Reached skill level 1 in Spellcasting
   128 | D:1      | Reached XP level 2. HP: 21/27 MP: 1/3
   803 | D:2      | Noticed Sigmund
   810 | D:2      | Killed Sigmund
   811 | D:2      | Reached XP level 3. HP: 26/33 MP: 5/8
   811 | D:2      | Reached XP level 4. HP: 32/41 MP: 5/9
   811 | D:2      | Reached XP level 5. HP: 38/48 MP: 5/10
  1000 | D:2      | Found a faded altar of an unknown god.
  1186 | D:2      | Noticed Terence
  1211 | D:2      | Killed Terence
  1212 | D:2      | Reached XP level 6. HP: 44/55 MP: 12/12
  1655 | D:2      | Found The Oracle's Delphic Readings.
  1668 | D:2      | Bought 2 scrolls of teleportation for 78 gold pieces
  2762 | D:3      | Reached skill level 5 in Unarmed Combat
  3427 | D:4      | Noticed Robin
  3468 | D:5      | Entered Level 5 of the Dungeon
  3475 | D:5      | Killed Robin
  3788 | D:4      | Found a runed translucent gate.
  3788 | D:4      | Found a runed translucent gate.
  3788 | D:4      | Found a runed translucent gate.
  3793 | D:4      | Noticed arthad's ghost (novice VSBe)
  3829 | D:4      | Reached skill level 5 in Spellcasting
  3832 | D:4      | Reached skill level 1 in Translocations
  3915 | D:4      | Reached XP level 7. HP: 16/62 MP: 14/14
  5011 | D:5      | Reached XP level 8. HP: 57/70 MP: 16/16
  6497 | D:6      | HP: 2/70 [gnoll sergeant/+0 spear (5)]
  6500 | D:6      | Slain by a gnoll sergeant

Illustrated notes

Levels and vault maps discovered:
D:1:      psy_arrival_basics, layout_basic, kennysheep_small_spiral
D:2:      layout_loops_corners, serial_forest, infiniplex_forest_clump_tiny,
          infiniplex_forest_clump_tiny, infiniplex_forest_clump_curved,
          infiniplex_forest_straight_1, infiniplex_forest_lined_room_3,
          infiniplex_forest_clump_medium, infiniplex_forest_lined_3,
          infiniplex_forest_join, hellmonk_ecumenical_altar_lost_god,
          nicolae_nh_oracle_at_delphi, uniq_terence, uniq_sigmund
D:3:      minmay_door_path, layout_basic, kennysheep_flooded_box,
          minmay_randomly_rotated_circles
D:4:      layout_gridville, gammafunk_ghost_necromancy, minmay_goblin_outpost,
          uniq_robin
D:5:      layout_basic, serial_bayou_pond_a, hangedman_glass_teeth
D:6:      layout_basic, serial_shops, nicolae_shop_tiny_real_fake_doors,
          chequers_serial_rivers_micro_d

Skill      XL: |  1  2  3  4  5  6  7  8 |
---------------+-------------------------+-----
Unarmed Combat | 3 4 5 6 |  6.1
Spellcasting   | 1 3 4 5 6 |  6.4
Translocations | 1 3 4 |  4.7
Fighting       | |  1.3
Dodging        | |  1.7
Shapeshifting  | |  3.0

Action                     |  1- 3 |  4- 6 |  7- 9 || total
---------------------------+-------+-------+-------++-------
  Melee: Unarmed           |    59 |   210 |       ||   269
         Spear             |       |    21 |   157 ||   178
         Punch             |       |     6 |    11 ||    17
  Evoke: Wand              |       |     1 |     7 ||     8
    Use: Potion            |     1 |       |     6 ||     7
         Scroll            |       |       |     4 ||     4
   Stab: Distracted        |       |     1 |       ||     1
         Sleeping          |       |     1 |       ||     1
 Armour: Animal skin       |    24 |    36 |    31 ||    91
         Skin              |     5 |       |       ||     5
  Dodge: Dodged            |    26 |    73 |    73 ||   172
  Block: Other             |       |    37 |    48 ||    85
         Reflection        |       |     2 |       ||     2

Table legend: (Time is in decaauts)
 A = Elapsed time spent in this place.
 B = Non-inter-level travel time spent in this place.
 C = Inter-level travel time spent in this place.
 D = Time resting spent in this place.
 E = Time spent auto-exploring this place.
 F = Levels seen in this place.
 G = Mean time per level.
                   A        B        C        D        E       F      G
               +--------+--------+--------+--------+--------+-----+--------+
         Total |   6497 |   6400 |     97 |    970 |   4335 |   6 | 1082.8 |
       Dungeon |   6497 |   6400 |     97 |    970 |   4335 |   6 | 1082.8 |
               +--------+--------+--------+--------+--------+-----+--------+

Top non-repeatable levels by time:
     D:5: 1635 daAuts
     D:2: 1499 daAuts
     D:3: 1045 daAuts
     D:4: 806 daAuts
     D:1: 758 daAuts
     D:6: 753 daAuts
